 Dungeon Crawl Stone Soup version 0.29-a0-892-g2c4c91d9db (webtiles) character file.

Game seed: 12226897279752011729

4757 runemasterragnar the Destroyer (level 10, -21/69 HPs)
             Began as a Black Draconian Conjurer on July 19, 2022.
             Was a Follower of Vehumet.
             Shot with a bolt by an orc warrior (24 damage)
             ... on level 9 of the Dungeon on July 23, 2022.
             The game lasted 00:28:22 (10835 turns).

runemasterragnar the Destroyer (DrCj)              Turns: 10835, Time: 00:28:23

Health: -21/69     AC:  8    Str: 11    XL:     10   Next: 23%
Magic:  12/19      EV: 12    Int: 22    God:    Vehumet [*.....]
Gold:   303        SH:  0    Dex: 15    Spells: 12/21 levels left

rFire   + . .      SeeInvis .   t - +3 short sword (venom)
rCold   + . .      Faith    .   (no shield)
rNeg    . . .      Spirit   .   (body armour unavailable)
rPois   .          Reflect  .   (helmet restricted)
rElec   +          Harm     .   k - scarf {rC+ rF+}
rCorr   .          Rampage  .   v - +0 pair of gloves
Will    .....                   (no boots)
Stlth   ++........              (no amulet)
HPRegen 0.21/turn               o - +6 ring of dexterity
MPRegen 0.16/turn               f - +4 ring of slaying

@: flying, very slightly contaminated
A: breathe lightning, AC +7, unfitting armour, electricity resistance,
cold-blooded, big wings
a: Breathe Lightning, Renounce Religion


You were on level 9 of the Dungeon.
You worshipped Vehumet.
Vehumet was aware of your devotion.
You visited 2 branches of the dungeon, and saw 10 of its levels.

You collected 303 gold pieces.

Inventory:

Hand Weapons
 e - a +2 dagger of protection
 h - a +0 short sword
 t - a +3 short sword of venom (weapon)
 w - a +0 dagger of venom
 B - a +5 great sword
Missiles
 p - a throwing net
Armour
 j - a +1 cloak
 k - a scarf of resistance (worn)
 v - a +0 pair of gloves (worn)
Jewellery
 f - a +4 ring of slaying (right hand)
 m - an amulet of faith
 o - a +6 ring of dexterity (left hand)
 r - a +6 ring of strength
Wands
 A - a wand of roots (9)
Scrolls
 c - 2 scrolls of magic mapping {unknown}
 i - 2 scrolls of vulnerability
 l - 2 scrolls of teleportation
 q - a scroll of enchant armour
 E - a scroll of silence {unknown}
Potions
 a - 2 potions of magic
 b - a potion of ambrosia
 d - 3 potions of curing
 g - 3 potions of haste
 n - a potion of resistance
 u - a potion of degeneration
 x - a potion of flight
 z - a potion of lignification {unknown}


   Skills:
 - Level 1.7 Dodging
 - Level 1.7 Stealth
 - Level 6.4 Spellcasting
 - Level 10.5 Conjurations
 * Level 6.6 Transmutations
 * Level 5.4 Earth Magic


You had 12 spell levels left.
You knew the following spells:

 Your Spells              Type           Power      Damage    Failure   Level
a - Magic Dart            Conj           100%       1d8       1%          1
b - Searing Ray           Conj           100%       2d8       1%          2
c - Statue Form           Tmut/Erth      22%        N/A       75%         6

Your spell library contained the following spells:

 Spells                   Type           Power      Damage    Failure   Level
 Foxfire                  Conj/Fire      100%       2x1d9     1%          1
 Static Discharge         Conj/Air       30%        3-7/arc   1%          2
 Conjure Flame            Conj/Fire      30%        6-21      3%          3
 Dazzling Flash           Conj/Hex       60%        N/A       3%          3
 Fulminant Prism          Conj/Hex       15%        3d11      10%         4
 Iskenderun's Mystic Bla  Conj/Tloc      30%        2d8       10%         4
 Sticky Flame             Conj/Fire      30%        2d5       10%         4
 Ignite Poison            Fire/Tmut/Pois 16%        N/A       11%         3
 Gell's Gravitas          Tloc           7%         N/A       26%         3
 Lesser Beckoning         Tloc           7%         N/A       26%         3
 Teleport Other           Tloc           7%         N/A       26%         3
 Lee's Rapid Deconstruct  Erth           15%        3d11*     26%         5
 Leda's Liquefaction      Hex/Erth       9%         N/A       28%         4
 Lightning Bolt           Conj/Air       15%        1d29      28%         5
 Dispersal                Tloc           3%         N/A       100%        6
 Maxwell's Capacitive Co  Air            3%         ∞         100%        8


Dungeon Overview and Level Annotations

Branches:
Dungeon (9/15)             Temple (1/1) D:6
   Lair: D:8-11         Orc: D:9-12

Altars:
Ashenzari
Elyvilon
Makhleb
Vehumet
Xom

Shops:
D:4 (

Annotations:
D:6 2 transporters, gdog's ghost, weakling GnDe
D:8 Maggie


Innate Abilities, Weirdness & Mutations

You can breathe wild blasts of lightning.
Your glossy black scales are hard. (AC +7)
You cannot fit into any form of body armour.
You are resistant to electric shocks. (rElec)
You are cold-blooded and may be slowed by cold attacks.
Your large and strong wings let you fly.


Message History

You tail-slap the orc warrior, but do no damage.
The orc warrior is moderately wounded.
The orc warrior hits you with a +0 scimitar!
You barely miss the orc warrior.
The orc warrior is heavily wounded.
The orc warrior hits you with a +0 scimitar.
The orc warrior hits you with a +0 scimitar!
* * * LOW HITPOINT WARNING * * *
Unknown command.
Okay, then.
Casting: Searing Ray (safe; 1% risk of failure)
Confirm with . or Enter, or press ? or * to list all spells.
Okay, then.
Casting: Searing Ray (safe; 1% risk of failure)
Confirm with . or Enter, or press ? or * to list all spells.
The spell is extremely dangerous to miscast (75% risk of failure)!
Continue anyway?
You miscast Statue Form.
You are very lightly contaminated with residual magic.
You feel very strange.
The orc warrior hits you with a +0 scimitar!
* * * LOW HITPOINT WARNING * * *
Unknown command.
Blink to where?
Press: ? - help, Dir - move target An orc zombie and an orc skeleton come into view.
As you read the scroll of blinking, it crumbles to dust.
The orc warrior unwields a +0 scimitar.
The orc warrior wields a +0 arbalest.
The orc warrior shoots a bolt.
The bolt barely misses you.
The orc zombie moves out of view.
You hear a howl!
As you read the scroll of fog, it crumbles to dust.
The scroll dissolves into smoke.
Aiming: Fastroot
Press: ? - help, Shift-Dir - straight line, f - orc warrior
Aim: an orc warrior, wielding a +0 arbalest and wearing a +0 chain mail (grey smoke, severely wounded)
The roots erupt in riotous growth!
Roots grab the orc warrior.
The grasping roots constrict the orc warrior, but do no damage.
The orc warrior shoots a bolt.
The bolt hits you!!
You die...

##### ....# ############
....### #..........########
......###..................
....#..............########
....#####.......@..# #.###
#######.#### #.# #.# ..#
#.# .## #o#### ..# #§§§§#
..# #§##§# ..# ######§## ##
..# #..###)§# .##


You could see an orc warrior (rooted).

Vanquished Creatures
  A boulder beetle (D:8)
  A kobold demonologist (D:9)
  A shadow (D:9)
  A basilisk (D:8)
  A vampire mosquito (D:8)
  Menkaure (D:5)
  A water moccasin (D:5)
  An orc warrior (D:7)
  2 sky beasts
  2 ice beasts
  A centaur (D:9)
  2 ogres (D:6)
  3 kobold brigands
  3 phantoms
  2 gnoll sergeants
  A scorpion (D:4)
  A necrophage (D:7)
  A troll zombie (D:9)
  9 wights
  8 howler monkeys
  3 hounds
  5 jellies
  2 gnoll boudas
  3 orc priests
  4 iguanas
  5 orc wizards
  3 ogre zombies (D:9)
  16 gnolls
  6 adders
  2 shadow imps (D:7)
  A white imp (D:3)
  An ufetubus (D:5)
  A worm (D:3)
  4 dart slugs
  28 orcs
  9 bats
  8 endoplasms
  7 giant cockroaches
  8 goblins
  7 hobgoblins
  8 jackals
  6 kobolds
  4 quokkas
  12 ball pythons
  6 frilled lizards
  2 goblin skeletons (D:9)
  2 hobgoblin zombies (D:9)
  5 orc zombies (D:9)
  5 rats
216 creatures vanquished.

Vanquished Creatures (others)
  A yak (D:8)
  An orc warrior (D:8)
  A centaur (D:8)
  A bullfrog (D:8)
  An orc (D:8)
  13 fungi (D:4)
  48 plants (D:9)
  2 toadstools (D:4)
68 creatures vanquished.

Grand Total: 284 creatures vanquished

Notes
Turn   | Place    | Note
-------+----------+-------------------------------------------
     0 | D:1      | runemasterragnar the Draconian Conjurer began the quest for
                  | the Orb.
     0 | D:1      | Reached XP level 1. HP: 14/14 MP: 3/3
   362 | D:1      | Reached XP level 2. HP: 20/20 MP: 3/5
  1219 | D:1      | Reached XP level 3. HP: 26/26 MP: 4/6
  1589 | D:2      | Learned a level 2 spell: Searing Ray
  1793 | D:2      | Reached skill level 5 in Conjurations
  2064 | D:2      | Reached XP level 4. HP: 33/33 MP: 3/8
  3124 | D:3      | Found a faded altar of an unknown god.
  3441 | D:4      | Reached XP level 5. HP: 23/38 MP: 1/9
  3581 | D:4      | Gained mutation: Your large and strong wings let you fly.
                  | [potion of mutation]
  3939 | D:4      | Reached skill level 6 in Conjurations
  4027 | D:4      | Reached XP level 6. HP: 32/45 MP: 2/11
  4042 | D:4      | HP: 2/45 [orc wizard/puff of flame (6)]
  4299 | D:4      | Found Yzoyga Zosa's Weapon Shoppe.
  4628 | D:5      | Entered Level 5 of the Dungeon
  4641 | D:5      | Noticed Menkaure
  4829 | D:5      | Noticed a water moccasin
  4842 | D:5      | Learned a level 6 spell: Statue Form
  4853 | D:5      | Killed a water moccasin
  4854 | D:5      | Reached skill level 7 in Conjurations
  4854 | D:5      | Your scales start taking on a glossy black colour.
  4854 | D:5      | Reached XP level 7. HP: 35/50 MP: 2/13
  4854 | D:5      | Gained mutation: You are resistant to electric shocks.
                  | (rElec) [Black Draconian growth]
  5566 | D:5      | Killed Menkaure
  5793 | D:6      | Reached skill level 8 in Conjurations
  5797 | D:6      | Reached skill level 5 in Spellcasting
  6049 | D:6      | Reached XP level 8. HP: 41/57 MP: 15/15
  6089 | D:6      | Found a transporter.
  6100 | D:6      | Noticed gdog's ghost (weakling GnDe)
  6105 | D:6      | Reached skill level 9 in Conjurations
  6207 | D:6      | Found a staircase to the Ecumenical Temple.
  6212 | D:6      | Found a transporter.
  7316 | D:7      | Reached skill level 10 in Conjurations
  7421 | D:7      | Reached XP level 9. HP: 49/62 MP: 3/18
  7805 | D:7      | Reached skill level 1 in Transmutations
  7859 | D:7      | Reached skill level 1 in Earth Magic
  8171 | D:8      | Found a shimmering altar of Xom.
  8503 | D:8      | Noticed Maggie
  8533 | D:8      | Upgraded the game from 0.29-a0-872-g797fff5ad1 to
                  | 0.29-a0-892-g2c4c91d9db
  9071 | Temple   | Entered the Ecumenical Temple
  9112 | Temple   | Became a worshipper of Vehumet
  9485 | D:8      | Noticed a gargoyle
  9492 | D:8      | Noticed a deep elf pyromancer
  9735 | D:8      | Noticed a boulder beetle
  9770 | D:8      | Killed a boulder beetle
  9771 | D:8      | Reached skill level 5 in Transmutations
 10145 | D:9      | Noticed a kobold demonologist
 10166 | D:9      | Noticed a kobold demonologist
 10178 | D:9      | Killed a kobold demonologist
 10179 | D:9      | Reached XP level 10. HP: 51/69 MP: 19/19
 10370 | D:9      | Reached skill level 5 in Earth Magic
 10387 | D:9      | Reached * piety under Vehumet
 10387 | D:9      | Offered knowledge of Foxfire by Vehumet.
 10826 | D:9      | HP: 1/69 [orc warrior/+0 scimitar (14)]
 10835 | D:9      | Shot with a bolt by an orc warrior

Illustrated notes

Levels and vault maps discovered:
D:1:      lemuel_arrival_lava_pool, layout_rooms, minivault_19,
          minmay_tetromino_o4
D:2:      layout_rooms, corner_web_ring, minmay_crystal_room
D:3:      layout_basic, nicolae_ecumenical_pavilion, minmay_circle_x
D:4:      layout_basic, serial_shops, kennysheep_mini, minmay_gold_behind_fungi
D:5:      layout_basic, uniq_menkaure
D:6:      layout_rooms, minmay_temple_entry_statues, gammafunk_ghost_stat_death
D:7:      layout_rooms
D:8:      minmay_diamond_stairs, layout_basic, xom_confusion_cloud,
          dk_yredelemnul_ordeal, jmf_multi_god_temple,
          amcnicky_mini_rare_corridor_liquid, uniq_maggie
D:9:      layout_roguey, zombieorc1_lemuel, serial_shops, nicolae_diamond_shop,
          serial_bayou, serial_bayou_lagoon_a, serial_bayou_pond_d,
          serial_bayou_shore_b, serial_bayou_crossing
Temple:   dpeg_five_rooms_temple

Skill      XL: |  1  2  3  4  5  6  7  8  9 10 |
---------------+-------------------------------+-----
Conjurations   | 5 6 7 8 10 | 10.5
Spellcasting   | 3 4 5 6 |  6.4
Transmutations | 5 6 |  6.6
Earth Magic    | 4 5 |  5.4
Dodging        | |  1.7
Stealth        | |  1.7

Action                   |  1- 3 |  4- 6 |  7- 9 | 10-12 || total
-------------------------+-------+-------+-------+-------++-------
Melee: Unarmed           |    72 |       |       |       ||    72
       Tailslap          |    10 |     6 |    19 |     3 ||    38
       Punch             |     1 |     1 |       |     1 ||     3
       Short sword       |    16 |    25 |   113 |    33 ||   187
       Dagger            |       |    55 |    38 |       ||    93
 Cast: Magic Dart        |    85 |    76 |    37 |     3 ||   201
       Searing Ray       |       |     9 |    25 |    12 ||    46
 Abil: Breathe Lightning |       |       |    14 |     3 ||    17
Evoke: Wand              |       |       |     2 |     1 ||     3
  Use: Scroll            |       |     7 |    11 |     2 ||    20
       Potion            |       |     5 |     3 |       ||     8
 Stab: Sleeping          |       |       |     2 |       ||     2
Armor: Skin              |    34 |    43 |    63 |     4 ||   144
Dodge: Dodged            |    71 |   105 |   119 |    34 ||   329

Table legend: (Time is in decaauts)
 A = Elapsed time spent in this place.
 B = Non-inter-level travel time spent in this place.
 C = Inter-level travel time spent in this place.
 D = Time resting spent in this place.
 E = Time spent auto-exploring this place.
 F = Levels seen in this place.
 G = Mean time per level.
                   A        B        C        D        E       F      G
               +--------+--------+--------+--------+--------+-----+--------+
         Total |  10854 |  10524 |    330 |   2410 |   6301 |  10 | 1085.4 |
       Dungeon |  10781 |  10483 |    298 |   2410 |   6267 |   9 | 1197.9 |
        Temple |     72 |     41 |     31 |      0 |     34 |   1 |   72.0 |
               +--------+--------+--------+--------+--------+-----+--------+

Top non-repeatable levels by time:
     D:1: 1584 daAuts
     D:6: 1490 daAuts
     D:8: 1294 daAuts
     D:4: 1202 daAuts
     D:7: 1196 daAuts
     D:5: 1103 daAuts
     D:9: 1065 daAuts
     D:3: 1006 daAuts
     D:2: 836 daAuts
  Temple: 72 daAuts
